 Dungeon Crawl Stone Soup version 0.24.0-13-gcf9b3192b9 (webtiles) character file.

Game seed: 3604596044467058562, levelgen mode: deterministic

2957 Delamore the Cleaver (level 9, 0/71 HPs)
             Began as a Hill Orc Monk on Nov 5, 2019.
             Was an Elder of Beogh.
             Slain by an orc warrior
             ... wielding the +5 rapier of the Tooth {pierce, rPois}
              (14 damage)
             ... on level 8 of the Dungeon.
             The game lasted 00:18:44 (8844 turns).

Delamore the Cleaver (Hill Orc Monk)                Turns: 8844, Time: 00:18:44

Health: 0/71       AC: 11    Str: 17    XL:     9   Next: 81%
Magic:  10/10      EV: 12    Int: 12    God:    Beogh [****..]
Gold:   376        SH:  0    Dex: 13    Spells: 8/8 levels left

rFire    . . .     SeeInvis +   I - +3 hand axe
rCold    . . .     Gourm    .   (no shield)
rNeg     + . .     Faith    .   w - +1 ring mail of Subjectivity {rPois Int+2 SInv}
rPois    +         Spirit   .   y - +0 helmet
rElec    .         Reflect  .   p - +0 cloak
rCorr    .         Harm     .   a - +0 pair of gloves
MR       .....                  (no boots)
Stlth    +.........             (no amulet)
HPRegen  0.21/turn              g - ring of positive energy
MPRegen  0.12/turn              A - +2 ring of slaying

@: no status effects
A: no striking features
a: Smiting, Recall Orcish Followers, Renounce Religion


You were on level 8 of the Dungeon.
You worshipped Beogh.
Beogh was greatly pleased with you.
You were not hungry.

You visited 1 branch of the dungeon, and saw 8 of its levels.

You collected 376 gold pieces.

Inventory:

Hand Weapons
 s - a +0 war axe
 I - a +3 hand axe (weapon)
Missiles
 b - 37 poisoned darts
 n - 6 atropa-tipped darts
 x - 8 silver javelins (quivered)
Armour
 a - a +0 pair of gloves (worn)
 p - a +0 cloak (worn)
 w - the +1 ring mail of Subjectivity (worn) {rPois Int+2 SInv}
   (You found it on level 4 of the Dungeon)

   It affects your intelligence (+2).
   It protects you from poison.
   It lets you see invisible.
 y - a +0 helmet (worn)
Jewellery
 g - a ring of positive energy (left hand)
 z - a +1 ring of evasion
 A - a +2 ring of slaying (right hand)
Wands
 k - a wand of acid (10)
 t - a wand of flame (8)
Scrolls
 e - 3 scrolls of noise
 f - 4 scrolls of teleportation
 h - a scroll of amnesia {unknown}
 i - a scroll of enchant weapon {unknown}
 l - 4 scrolls of identify
 m - 5 scrolls of remove curse
 o - 2 scrolls of blinking {unknown}
 q - 2 scrolls of random uselessness {unknown}
 u - a scroll of magic mapping {unknown}
 v - a scroll of immolation {unknown}
 G - a scroll of fear {unknown}
Potions
 d - 3 potions of curing
 j - a potion of ambrosia
 r - a potion of mutation
 C - 2 potions of degeneration
 D - a potion of lignification {unknown}
 E - a potion of brilliance {unknown}
 F - a potion of resistance {unknown}
 H - a potion of magic {unknown}
 J - a potion of might {unknown}
Comestibles
 c - 16 rations


   Skills:
 * Level 3.7 Fighting
 + Level 13.8 Axes
 - Level 1.0 Throwing
 + Level 8.3 Armour
 - Level 2.4 Dodging
 - Level 1.5 Stealth
 + Level 1.5 Invocations


You had 8 spell levels left.
You didn't know any spells.
Your spell library contained the following spells:

 Spells                   Type           Power        Failure   Level  Hunger
 Animate Skeleton         Necr           N/A          50%         1    ##.....
 Apportation              Tloc           #.....       50%         1    ##.....
 Confusing Touch          Hex            #.....       50%         1    ##.....
 Summon Small Mammal      Summ           #...         50%         1    ##.....
 Call Imp                 Summ           #.......     63%         2    ###....
 Call Canine Familiar     Summ           #.......     86%         3    ####...
 Summon Guardian Golem    Hex/Summ       #.......     86%         3    ####...
 Summon Ice Beast         Ice/Summ       #.......     99%         4    #####..
 Summon Lightning Spire   Summ/Air       #.......     99%         4    #####..


Dungeon Overview and Level Annotations

Branches:
Dungeon (8/15)             Temple (0/1) D:5
   Lair: D:8-11

Altars:
Dithmenos
Fedhas
Gozag
Okawaru
Qazlal
Sif Muna
Trog
Uskayaw
Wu Jian
Xom
Yredelemnul
The Shining One
Beogh

Annotations:
D:8 Curus's ghost, novice DrBe


Message History

The orc warrior hits you with the +5 rapier of the Tooth {pierce, rPois}!
* * * LOW HITPOINT WARNING * * *
You hit the orc warrior but do no damage.
The orc warrior is heavily wounded.
Your orc hits Curus's ghost but does no damage.
The orc warrior hits you from afar with a +0 glaive.
* * * LOW HITPOINT WARNING * * *
Curus's ghost misses your orc sorcerer.
Your orc closely misses Curus's ghost.
Your orc hits the orc warrior with a +0 whip.
Your orc sorcerer hits the orc warrior with a +0 dagger.
Press: ? - help, v - describe, . - travel
Here: an orc warrior, wielding the +5 rapier of the Tooth {pierce, rPois} and wearing a +2 chain mail (heavily wounded)
An open translucent gate.
Aiming: Throw Flame
Press: ? - help, Shift-Dir - straight line, f - orc warrior
Aim: an orc warrior, wielding the +5 rapier of the Tooth {pierce, rPois} and wearing a +2 chain mail (heavily wounded)
The puff of flame hits the orc warrior but does no damage.
The orc warrior is heavily wounded.
The orc warrior hits you with the +5 rapier of the Tooth {pierce, rPois}!
You die...

#o## ### #o#
#o#8....[_[)...8 #.# #o#
........ ...# #o# #o#
#8#..8.. 8#.# ##o##
##o#.###...o[###.#####...#
#..#...)#####oo..#'......o
##.#.......oWoo..#####...#
########'oo####### ##.##
#8.....@.oooo..8# ####
#.######..o..#### #
####'## # #.# # #.# #
##.## # ####.o.## #
.........##########
.##..............oo


You could see 2 orc warriors, Curus's ghost, a friendly orc sorcerer, the
friendly Blodwig the orc warrior, a friendly orc priest and 8 friendly orcs.

Vanquished Creatures
  Duvessa (D:6)
  An ice beast (D:7)
  3 sky beasts
  A phantom (D:4)
  A centaur (D:5)
  3 bullfrogs
  A gnoll sergeant (D:6)
  4 scorpions
  Dowan (D:6)
  3 wights (D:7)
  A howler monkey (D:4)
  4 crimson imps
  A quasit (D:8)
  A jelly (D:6)
  Crazy Yiuf (D:6)
  2 iguanas (D:5)
  Terence (D:3)
  An orc wizard (D:2)
  7 worker ants
  A hound zombie (D:7)
  A hound skeleton (D:4)
  Robin (D:4)
  10 gnolls
  2 adders
  5 worms
  3 dart slugs
  6 leopard geckos
  2 orcs (D:3)
  3 ball pythons
  6 giant cockroaches
  22 goblins
  6 hobgoblins
  3 jackals (D:1)
  2 quokkas
  A ball python zombie (D:5)
  5 bats
  7 frilled lizards
  11 kobolds
  A quokka skeleton (D:4)
  7 rats
143 creatures vanquished.

Vanquished Creatures (collateral kills)
  2 tengu conjurers (D:8)
  3 ice beasts
  A necrophage (D:6)
  An ogre (D:6)
  A phantom (D:8)
  A centaur (D:6)
  2 wights (D:7)
  2 crimson imps (D:7)
  A quasit (D:8)
  2 hounds
  A jelly (D:6)
  2 adders
  3 gnolls (D:6)
  A leopard gecko (D:5)
  2 orcs (D:7)
25 creatures vanquished.

Vanquished Creatures (others)
  A sky beast (D:6)
  An orc wizard (D:6)
  7 orcs
  A leopard gecko (D:2)
10 creatures vanquished.

Grand Total: 178 creatures vanquished

Notes
Turn   | Place    | Note
-------+----------+-------------------------------------------
     0 | D:1      | Delamore the Hill Orc Monk began the quest for the Orb.
     0 | D:1      | Reached XP level 1. HP: 19/19 MP: 1/1
     9 | D:1      | Noticed a bullfrog
   120 | D:1      | Reached XP level 2. HP: 26/26 MP: 2/2
   315 | D:1      | Reached skill level 5 in Axes
   753 | D:1      | Reached XP level 3. HP: 31/31 MP: 3/3
  1053 | D:1      | Reached skill level 6 in Axes
  1192 | D:2      | Found a bloodstained altar of Trog.
  1197 | D:2      | Reached XP level 4. HP: 39/39 MP: 4/4
  1290 | D:2      | Became a worshipper of Beogh the Brigand
  1290 | D:2      | Reached * piety under Beogh
  1290 | D:2      | Reached ** piety under Beogh
  1331 | D:2      | Reached skill level 1 in Armour
  1969 | D:3      | Reached XP level 5. HP: 41/45 MP: 5/5
  1996 | D:3      | Noticed Terence
  2006 | D:3      | Killed Terence
  2006 | D:3      | Reached skill level 7 in Axes
  2293 | D:3      | Found a faded altar of an unknown god.
  2920 | D:4      | Reached skill level 8 in Axes
  2920 | D:4      | Reached XP level 6. HP: 10/51 MP: 6/6
  3196 | D:4      | Got a distressingly furry ring mail
  3207 | D:4      | Identified the +1 ring mail of Subjectivity {rPois Int+2
                  | SInv} (You found it on level 4 of the Dungeon)
  3209 | D:4      | Noticed a phantom
  3240 | D:4      | Killed a phantom
  3261 | D:4      | Noticed Robin
  3268 | D:4      | Reached *** piety under Beogh
  3283 | D:4      | Killed Robin
  3589 | D:4      | Reached skill level 9 in Axes
  3589 | D:4      | Reached XP level 7. HP: 34/57 MP: 7/7
  3944 | D:4      | Found an ornate altar of the Wu Jian Council.
  4208 | D:5      | Entered Level 5 of the Dungeon
  4298 | D:5      | Found a basalt altar of Yredelemnul.
  4319 | D:5      | Reached skill level 10 in Axes
  4539 | D:5      | Found a staircase to the Ecumenical Temple.
  5082 | D:5      | Reached XP level 8. HP: 61/64 MP: 8/8
  5151 | D:5      | Found a blossoming altar of Fedhas.
  5525 | D:6      | Reached skill level 11 in Axes
  5654 | D:6      | Reached skill level 5 in Armour
  5868 | D:6      | Found a glowing golden altar of the Shining One.
  5904 | D:6      | Noticed Dowan
  5920 | D:6      | Noticed Duvessa
  5931 | D:6      | Killed Dowan
  5943 | D:6      | Killed Duvessa
  5943 | D:6      | Reached skill level 1 in Throwing
  6357 | D:6      | Found a runed translucent door.
  6358 | D:6      | Noticed Crazy Yiuf
  6521 | D:6      | Reached skill level 12 in Axes
  6561 | D:6      | Reached XP level 9. HP: 61/70 MP: 9/9
  6926 | D:6      | Found a shimmering blue altar of Sif Muna.
  7046 | D:6      | Killed Crazy Yiuf
  7252 | D:7      | Found an iron altar of Okawaru.
  7389 | D:7      | Reached **** piety under Beogh
  7409 | D:7      | Found a shimmering altar of Xom.
  7417 | D:7      | Found a shimmering altar of Xom.
  7418 | D:7      | Found a shimmering altar of Xom.
  7418 | D:7      | Found a shimmering altar of Xom.
  7420 | D:7      | Found a shimmering altar of Xom.
  7420 | D:7      | Found a shimmering altar of Xom.
  7422 | D:7      | Found a shimmering altar of Xom.
  7512 | D:7      | Reached skill level 13 in Axes
  7931 | D:7      | Found an opulent altar of Gozag.
  8083 | D:7      | Reached skill level 1 in Invocations
  8195 | D:7      | Found a stormy altar of Qazlal.
  8493 | D:8      | Noticed a tengu conjurer
  8493 | D:8      | Noticed a tengu conjurer
  8503 | D:8      | Killed a tengu conjurer
  8504 | D:8      | Killed a tengu conjurer
  8573 | D:8      | Gained Blodwig as an ally
  8724 | D:8      | Found a shadowy altar of Dithmenos.
  8760 | D:8      | Found a hide-covered altar of Uskayaw.
  8825 | D:8      | Found a runed translucent gate.
  8825 | D:8      | Found a runed translucent gate.
  8825 | D:8      | Noticed Curus's ghost (novice DrBe)
  8826 | D:8      | Found a runed translucent gate.
  8826 | D:8      | Identified the +5 rapier of the Tooth {pierce, rPois}
  8831 | D:8      | Found a roughly hewn altar of Beogh.
  8844 | D:8      | Slain by an orc warrior

Levels and vault maps discovered:
D:1:      evilmike_arrival_come_back, layout_basic, grunt_decor_cap,
          corexii_leaking_fountain, nrook_campfire
D:2:      layout_basic, old_standard_altar
D:3:      layout_basic, first_ration, chequers_ecumenical_altar_lobes,
          uniq_terence
D:4:      layout_gridville, kennysheep_mini, minmay_joined_circles, uniq_robin
D:5:      layout_loops_ring, nicolae_overflow_crystal_walls,
          yredelemnul_altar_generic, minmay_temple_entry_slanted
D:6:      layout_basic, lemuel_blue_sif_altar, kennysheep_nub, tso_metal_star,
          uniq_crazy_yiuf_cottage, uniq_duvessa
D:7:      layout_rooms, nicolae_xom_altar_mimics,
          nicolae_qazlal_eye_of_the_storm, nicolae_overflow_hidden_temple,
          serial_park_tiny_1, hex_tiny
D:8:      layout_loops_corners, lemuel_doored_altar, lemuel_crystal_altar,
          biasface_ghost_orc_armoury

Skill      XL: |  1  2  3  4  5  6  7  8  9 |
---------------+----------------------------+-----
Axes           | 5 6 8 9 10 12 13 | 13.8
Armour         | 1 2 3 4 6 8 |  8.3
Throwing       | 1 |  1.0
Invocations    | 1 |  1.5
Fighting       | |  3.7
Dodging        | |  2.4
Stealth        | |  1.5

Action                   |  1- 3 |  4- 6 |  7- 9 || total
-------------------------+-------+-------+-------++-------
Melee: Hand axe          |    93 |   288 |   315 ||   696
Throw: Dart              |     4 |     3 |       ||     7
       Javelin           |       |       |    22 ||    22
Invok: Convert to Beogh  |       |     1 |       ||     1
       Smiting           |       |       |     2 ||     2
Evoke: Wand              |       |       |     1 ||     1
  Use: Potion            |       |       |     4 ||     4
       Scroll            |       |       |     6 ||     6
 Stab: Sleeping          |     1 |       |       ||     1
       Distracted        |       |       |     4 ||     4
  Eat: Chunk             |     1 |     5 |     9 ||    15
       Ration            |       |     1 |     2 ||     3
Armor: Robe              |     5 |       |       ||     5
       Scale mail        |    19 |    67 |       ||    86
       Ring mail         |       |    21 |    98 ||   119
Dodge: Dodged            |    70 |   127 |   156 ||   353
